Map: Submarine LE

Players

Serral - Winner!

  • Race: Zerg Zerg
  • League: Master
  • Spawn Location: 11:00

GOStephano (Stephano)

  • Race: Zerg Zerg
  • League: Grandmaster
  • Spawn Location: 5:00

Event: DreamHack SC2 Masters 2020 Summer Europe

VOD

Have the link to the VOD?

Description

Time

  • Played on: July 5, 2020, 10:28 a.m.
  • Length: 6:04

All games in this series

Show
View Real Time Build Order
Export as new Build Order

Serral Zerg - Winner!

Build Orders: Pool First 

Get SALT Encoding   

  12  0:00  Drone  
  13  0:12  Overlord  
  13  0:17  Drone  
  14  0:31  Drone x2  
  14  0:34  Drone  
  17  0:44  Spawning Pool  
  17  0:46  Drone  
  17  1:06  Hatchery  
  17  1:09  Drone  
  17  1:12  Extractor  
  17  1:14  Drone  
  17  1:19  Drone  
  18  1:30  Queen  
  18  1:32  Drone  
  21  1:39  Overlord  
  21  1:49  Zergling x2  
  22  2:00  Drone  
  23  2:06  Queen  
  25  2:11  Drone  
  26  2:18  Drone, Queen  
  30  2:22  Drone  
  30  2:29  Drone  
  31  2:32  Overlord  
  31  2:40  Drone x4  
  35  2:48  Drone  
  35  2:59  Hatchery  
  35  3:04  Drone x2  
  36  3:06  Evolution Chamber  
  36  3:07  Zergling x2  
  36  3:10  Drone  
  37  3:16  Overlord  
  37  3:19  Drone x3  
  40  3:24  Drone  
  40  3:26  Drone  
  42  3:32  Drone  
  42  3:33  Roach Warren, Extractor  
  42  3:34  Drone  
  42  3:35  Drone  
  42  3:37  Drone  
  42  3:40  Drone  
  45  3:45  Lair  
  45  3:47  Extractor  
  45  3:48  Drone  
  45  3:52  Drone  
  45  3:53  Drone x2  
  48  3:57  Drone x3  
  48  4:01  Overlord  
  51  4:13  Roach  
  51  4:14  Roach x2  
  51  4:16  Overlord  
  57  4:17  Overlord  
  57  4:23  Roach x2  
  60  4:28  Overlord, Spine Crawler  
  60  4:30  Roach  
  61  4:33  Roach  
  61  4:35  Ravager  
  61  4:36  Roach  
  61  4:38  Roach  
  68  4:40  Ravager  
  68  4:43  Overlord  
  68  4:45  Roach  
  71  4:49  Roach x2  
  75  4:53  Overlord  
  75  4:57  Roach  
  77  5:01  Spine Crawler  
  77  5:03  Roach x3  
  83  5:09  Ravager  
  84  5:14  Roach x3  
  88  5:24  Roach x5  
  98  5:33  Roach x2  
  98  5:34  Roach  
  94  5:37  Roach x2, Zergling x2  
  94  5:38  Zergling x2  
  81  5:59  Evolution Chamber  
Show
View Real Time Build Order
Export as new Build Order

GOStephano Zerg 

Build Orders: Hatch First 

Get SALT Encoding   

  12  0:00  Drone  
  13  0:12  Overlord  
  13  0:16  Drone  
  14  0:30  Drone  
  15  0:44  Hatchery  
  15  0:48  Drone  
  15  0:50  Drone  
  15  0:55  Drone  
  17  1:00  Drone  
  18  1:12  Spawning Pool  
  18  1:14  Extractor  
  18  1:17  Drone  
  17  1:20  Drone  
  18  1:31  Drone  
  19  1:42  Drone  
  20  1:53  Drone  
  21  1:59  Queen x2  
  21  2:00  Zergling x2  
  26  2:05  Overlord  
  26  2:11  Drone  
  26  2:14  Drone  
  28  2:26  Drone x2  
  30  2:34  Queen  
  30  2:35  Queen  
  34  2:44  Overlord  
  34  2:47  Drone x2  
  35  2:57  Drone, Extractor  
  35  3:00  Evolution Chamber  
  35  3:01  Drone  
  35  3:06  Overlord  
  35  3:07  Roach Warren, Overlord  
  34  3:28  Zerg Missile Weapons Level 1  
  34  3:38  Evolution Chamber  
  33  3:44  Overlord  
  33  3:51  Roach x8  
  33  3:55  Roach  
  51  4:03  Roach x2  
  51  4:07  Roach  
  57  4:12  Roach  
  59  4:18  Overlord  
  59  4:21  Roach  
  61  4:25  Roach  
  63  4:32  Roach x2  
  63  4:36  Ravager  
  68  4:39  Roach  
  70  4:47  Roach x2  
  74  4:53  Roach  
  76  5:01  Roach x2  
  76  5:06  Overlord  
  76  5:24  Roach  
  78  5:33  Roach x6  
  78  5:42  Roach x2  
Tags
 
Add a new tag
Caveats
  • Supply blocks, unpowered buildings, or Contaminate may cause inaccurate times.
  • Supply counts are checked every 10 seconds.